Map: [ESL] Waterfall

Players

RagnaroK (SHIN) - Winner!

  • Race: Zerg Zerg
  • Spawn Location: 1:00

DRG

  • Race: Zerg Zerg
  • Spawn Location: 7:00

Event: DreamHack SC2 Masters 2022 Valencia

VOD

Have the link to the VOD?

Description

Time

  • Played on: July 1, 2022, 1:53 p.m.
  • Length: 3:43

All games in this series

Show
View Real Time Build Order
Export as new Build Order

RagnaroK Zerg - Winner!

Build Orders: Pool First 

Get SALT Encoding   

  12  0:18  Spawning Pool  
  11  0:21  Drone  
  11  0:26  Drone  
  13  0:30  Drone  
  14  0:39  Overlord  
  14  1:05  Extractor, Zergling x6  
  16  1:16  Zergling x2  
  17  1:20  Hatchery  
  16  1:27  Zergling x2  
  17  1:37  Zergling x2  
  18  1:45  Queen  
  20  1:50  Zergling x2  
  21  1:59  Zergling x2  
  22  2:07  Metabolic Boost  
  22  2:22  Overlord  
  20  2:27  Zergling x2  
  20  2:32  Zergling x2  
  20  2:33  Zergling x2  
  24  2:47  Zergling x2  
  25  2:53  Zergling x2  
  25  2:56  Zergling x8  
  28  3:00  Zergling x2  
  28  3:04  Zergling x2  
  30  3:09  Zergling x2  
  31  3:16  Zergling x2  
  32  3:21  Zergling x2  
Show
View Real Time Build Order
Export as new Build Order

DRG Zerg 

Build Orders: Hatch First 

Get SALT Encoding   

  12  0:00  Drone  
  13  0:11  Overlord  
  13  0:17  Drone  
  14  0:30  Drone x2  
  16  0:47  Hatchery  
  15  0:51  Drone  
  15  0:54  Drone  
  17  0:57  Drone  
  17  1:01  Extractor  
  17  1:13  Spawning Pool  
  17  1:16  Drone  
  17  1:20  Drone  
  18  1:28  Drone  
  19  1:59  Queen  
  19  2:00  Zergling x6  
  26  2:02  Zergling x2  
  27  2:15  Metabolic Boost  
  25  2:31  Hatchery  
  24  2:37  Overlord  
  24  2:56  Drone x3  
  27  3:07  Hatchery  
  27  3:12  Drone  
  27  3:15  Drone  
  27  3:17  Drone  
  29  3:23  Overlord  
  29  3:26  Drone  

Tags
 
Add a new tag
Caveats
  • Supply blocks, unpowered buildings, or Contaminate may cause inaccurate times.
  • Supply counts are checked every 10 seconds.